 Dungeon Crawl Stone Soup version 0.20-a0-927-g1ae2c61 (webtiles) character file.

45 Lifeless the Skirmisher (level 3, 0/34 HPs)
             Began as a Minotaur Fighter on Mar 29, 2017.
             Slain by an adder (1 damage)
             ... on level 2 of the Dungeon.
             The game lasted 00:04:52 (623 turns).

Lifeless the Skirmisher (Minotaur Fighter)           Turns: 623, Time: 00:04:53

Health: 0/34       AC:  9    Str: 25    XL:     3   Next: 42%
Magic:  2/2        EV:  7    Int:  5    God:
Gold:   94         SH:  0    Dex: 10    Spells: 2/2 levels left

rFire    . . .     SeeInvis .   a - +0 long sword
rCold    . . .     Gourm    .   c - +0 shield
rNeg     + . .     Faith    .   e - +2 scale mail {rN+}
rPois    .         Spirit   .   (helmet restricted)
rElec    .         Reflect  .   (no cloak)
rCorr    .         Harm     .   (no gloves)
MR       .....                  (no boots)
Stlth    ..........             (no amulet)
Regen    0.2/turn               (no ring)
MPRegen  0.1/turn               (no ring)

@: confused, mighty
A: retaliatory headbutt, horns 2
a: no special abilities


You were on level 2 of the Dungeon.
You were not hungry.

You visited 1 branch of the dungeon, and saw 2 of its levels.

You collected 94 gold pieces.

Inventory:

Hand Weapons
 a - a +0 long sword (weapon)
Armour
 c - a +0 shield (worn)
 e - a +2 scale mail of positive energy (worn)
Scrolls
 b - a scroll of remove curse {unknown}
 h - a scroll of blinking {unknown}
 i - a scroll of noise {unknown}
 n - a scroll of immolation {unknown}
Potions
 g - a potion of mutation {unknown}
 j - a potion of flight {unknown}
 l - 2 potions of heal wounds
 m - 2 potions of haste {unknown}
Comestibles
 f - a bread ration
 k - 6 chunks of flesh


   Skills:
 + Level 4.3 Fighting
 + Level 3.0 Long Blades
 + Level 4.1 Armour
 + Level 4.1 Shields


You had 2 spell levels left.
You didn't know any spells.

Dungeon Overview and Level Annotations

Branches:
Dungeon (2/15)

Altars:
Ru

Annotations:
D:2 Sigmund


Innate Abilities, Weirdness & Mutations

You reflexively headbutt those who attack you in melee.
You have a pair of horns on your head.


Message History

You feel very mighty all of a sudden.
Sigmund hits you from afar with a scythe of distortion.
Space warps horribly around you!
Sigmund hits you with a scythe of distortion.
Space bends around you.
* * * LOW HITPOINT WARNING * * *
You slice Sigmund!!
Sigmund is severely wounded.
The adder bites you but does no damage.
Sigmund drinks a potion.
Sigmund is healed!
You closely miss Sigmund. You block the adder's attack.
Sigmund says, "Now you see me, now you don't..."
Sigmund points at you and mumbles some strange words.
You are confused.
The adder bites you but does no damage. The adder bites you but does no damage.
Sigmund hits you but does no damage. Space bends around you.
* * * LOW HITPOINT WARNING * * *
You bump into the stone wall.
The adder bites you.
You die...

#...#.## .# #.##.## ###
.# #.##.# #.. .. #.##.#
#.####.###
###.##.#####.#.. =..
#...........#.#.##.## #
####.######(#.#.#...#.#.#
# #..)@.S._......
###.#@#...#.#.# #.#.##.##
#.#.. ... #.####.### #..
.. ### .# .# ..


You could see Sigmund and an adder.

Vanquished Creatures
  An adder (D:2)
  A worm (D:2)
  2 dart slugs (D:1)
  2 leopard geckos
  4 goblins
  4 hobgoblins (D:1)
  2 jackals (D:2)
  A ball python (D:1)
  3 bats (D:1)
  2 frilled lizards (D:1)
  4 kobolds
  2 rats (D:1)
28 creatures vanquished.

Notes
Turn   | Place    | Note
-------+----------+-------------------------------------------
     0 | D:1      | Lifeless the Minotaur Fighter began the quest for the Orb.
     0 | D:1      | Reached XP level 1. HP: 19/19 MP: 0/0
   114 | D:1      | Reached XP level 2. HP: 27/27 MP: 1/1
   489 | D:2      | Reached XP level 3. HP: 30/33 MP: 2/2
   553 | D:2      | Found a sacrificial altar of Ru.
   592 | D:2      | Noticed Sigmund
   622 | D:2      | HP: 1/34 [Sigmund/scythe of distortion (7)]
   623 | D:2      | Slain by an adder

Vault maps used:
D:1:      minmay_arrival_open_corners, minmay_tromino_v2
D:2:      nicolae_ru_sacrificial_ziggurat, uniq_jessica, uniq_sigmund,
          uniq_crazy_yiuf_cottage

Skill      XL: |  1  2  3 |
---------------+----------+-----
Fighting       | 4 |  4.3
Armour         | 4 |  4.1
Shields        | 4 |  4.1
Long Blades    | 3 |  3.0

Action                   || total
-------------------------++-------
Melee: Long sword        ||    58
       Headbutt          ||     8
  Use: Potion            ||     1
Armor: Scale mail        ||    21
Dodge: Dodged            ||    19
Block: Shield            ||    23
       Rpst.: Long sword ||     3
